 Dungeon Crawl Stone Soup version 0.30-a0-587-gfd7c166f36 (webtiles) character file.

Game seed: 3396051476701298600

2 Citaku the Caller (level 1, -1/10 HPs)
             Began as a Kobold Summoner on Jan 4, 2023.
             Slain by a kobold
             ... wielding a +0 short sword
              (2 damage)
             ... on level 1 of the Dungeon.
             The game lasted 00:01:14 (175 turns).

Citaku the Caller (Kobold Summoner)                  Turns: 175, Time: 00:01:14

Health: -1/10      AC:  2    Str:  5    XL:     1   Next: 44%
Magic:  1/3        EV: 15    Int: 16    God:
Gold:   39         SH:  0    Dex: 15    Spells: 3/4 levels left

rFire   . . .      SeeInvis .    (weapon restricted)
rCold   . . .      Faith    .    (no shield)
rNeg    . . .      Spirit   .    a - +0 robe
rPois   .          Reflect  .    (no helmet)
rElec   .          Harm     .    (no cloak)
rCorr   .          Rampage  .    (no gloves)
Will    .....                    (no boots)
Stlth   +++                      (no amulet)
HPRegen 0.21/turn                (no ring)
MPRegen 0.08/turn                (no ring)

@: no status effects
A: small, no large weapons, nightstalker 3
a: no special abilities


You were on level 1 of the Dungeon.
You visited 1 branch of the dungeon, and saw 1 of its levels.

You collected 39 gold pieces.

Inventory:

Armour
 a - a +0 robe (worn)
Scrolls
 d - a scroll of butterflies {unknown}
 e - a scroll of teleportation {unknown}
Potions
 b - a potion of magic
 c - a potion of lignification {unknown}


   Skills:
 + Level 2.5 Dodging
 + Level 2.8 Stealth
 + Level 2.2 Spellcasting
 + Level 4.0 Summonings


You had 3 spell levels left.
You knew the following spells:

 Your Spells              Type           Power      Damage    Failure   Level
a - Summon Small Mammal   Summ           56%        N/A       3%          1

Your spell library contained the following spells:

 Spells                   Type           Power      Damage    Failure   Level
 Call Imp                 Summ           14%        N/A       6%          2
 Call Canine Familiar     Summ           14%        N/A       12%         3
 Summon Guardian Golem    Hex/Summ       8%         N/A       26%         3
 Summon Lightning Spire   Summ/Air       8%         N/A       65%         4


Dungeon Overview and Level Annotations

Branches:
Dungeon (1/15)

Altars:


Innate Abilities, Weirdness & Mutations

You are small and have problems with some larger weapons.
You are completely attuned to the shadows.


Message History

The bat closely misses you. The bat completely misses you. The bat hits you.
You hit the bat.
The bat is severely wounded.
The bat misses you. The bat completely misses you. The bat barely misses you.
The bat hits you but does no damage.
Casting: Summon Small Mammal (safe; 3% risk of failure)
Confirm with . or Enter, or press ? or * to list all spells.
The bat closely misses you.
A kobold comes into view. It is wielding a +0 short sword.
The kobold shouts!
A bat comes into view.
The bat barely misses you.
Your rat closely misses the bat.
The bat moves out of view.
The bat hits you but does no damage.
Your rat bites the bat.
You hit the kobold but do no damage. The bat hits you. The bat misses you.
Your rat closely misses the bat.
The kobold misses you.
You hit the kobold.
The kobold is heavily wounded.
The bat hits you. The bat completely misses you.
The bat hits you but does no damage. The bat completely misses you.
The kobold hits you with a +0 short sword.
You closely miss the kobold.
The kobold is moderately wounded.
The bat misses you. The bat barely misses you.
The kobold completely misses you.
Casting: Summon Small Mammal (safe; 3% risk of failure)
Confirm with . or Enter, or press ? or * to list all spells.
The bat hits you but does no damage. The bat hits your rat.
The bat misses your rat. The bat completely misses your rat.
Your rat closely misses the bat.
The kobold hits you with a +0 short sword.
* * * LOW HITPOINT WARNING * * *
Casting: Summon Small Mammal (safe; 3% risk of failure)
Confirm with . or Enter, or press ? or * to list all spells.
You don't know that spell.
The kobold attacks as you move away!
The kobold hits you with a +0 short sword.
You die...

..~~~~~~~.#
..~.....~.#
..~.....~.#
~.~.~~..~.#
..~.<~..~.# #####....
..~..~..~.###........
..~~.~.~~..##...br...
.....~.....##...r....
.....~.##(......@Kb..
~~~~~~.######........
.......# #........
######## #........
#........


You could see 2 bats, a kobold and 2 friendly rats.

Vanquished Creatures (collateral kills)
  A giant cockroach (D:1)
  A ball python (D:1)
  A frilled lizard (D:1)
3 creatures vanquished.

Notes
Turn   | Place    | Note
-------+----------+-------------------------------------------
     0 | D:1      | Citaku the Kobold Summoner began the quest for the Orb.
     0 | D:1      | Reached XP level 1. HP: 10/10 MP: 3/3
   175 | D:1      | Slain by a kobold

Illustrated notes

Levels and vault maps discovered:
D:1:      ebering_hopf_link, layout_basic, serial_shops, nicolae_lakefront_shop

Action                   || total
-------------------------++-------
Melee: Unarmed           ||     7
 Cast: Summon Small Mamm ||     6
Armor: Robe              ||    10
Dodge: Dodged            ||    27

Table legend: (Time is in decaauts)
 A = Elapsed time spent in this place.
 B = Non-inter-level travel time spent in this place.
 C = Inter-level travel time spent in this place.
 D = Time resting spent in this place.
 E = Time spent auto-exploring this place.
 F = Levels seen in this place.
 G = Mean time per level.
                   A        B        C        D        E       F      G
               +--------+--------+--------+--------+--------+-----+--------+
         Total |    175 |    175 |      0 |      0 |     23 |   1 |  175.0 |
       Dungeon |    175 |    175 |      0 |      0 |     23 |   1 |  175.0 |
               +--------+--------+--------+--------+--------+-----+--------+

Top non-repeatable levels by time:
     D:1: 175 daAuts
